AoeStats
← yanachoua

Lombardia

509151877Analyzed
4v4 RM · 8d ago on Sep 25, 2026· 60m 26s· 8 players
Game mode
Random Map
Map size
Large (8 player)
Population
200
Speed
Normal
Resources
Standard
Victory
Conquest
Starting age
Dark Age
Ending age
Imperial Age
RankedLock teamsTeams togetherTeam positionsShared explorationLock speedFull tech treeHidden civsTurbo modeCheats
Victory
Defeat
🇦🇷 Inca · Argentina
1144
+15
🇹🇼 Varangians · Taiwan
1131
+15
🇹🇼 Franks · Taiwan
1121
+16
🇹🇼 Byzantines · Taiwan
1068
+18
🇬🇷 Persians · Greece
1135
-17
🇫🇷 Vietnamese · France
1121
-16
🇩🇪 Danes · Germany
1107
-16
🇺🇸 Burgundians · United States
1087
-15
lady_schmady
11:28 Feudal Age
17:18 Castle Age
16:05 Horse Collar
16:10 Double-Bit Axe
18:51 Cavalier
23:28 Loom
25:25 Bow Saw
29:28 Wheelbarrow
31:43 Imperial Age
29:59 Scale Barding Armor
31:54 Hand Cart
31:15 Pikeman
31:51 Paladin
32:00 Capped Ram
34:31 Two-Man Saw
33:32 Heavy Plow
33:59 Chain Barding Armor
36:16 Plate Barding Armor
36:18 Squires
36:20 Scale Mail Armor
37:17 Husbandry
47:29 Caravan
49:40 Forging
50:49 Redemption
51:19 Halberdier
53:09 Chain Mail Armor
Kasbfaäfad
5:19 Loom
13:04 Feudal Age
13:50 Double-Bit Axe
19:27 Castle Age
17:54 Fletching
18:33 Horse Collar
18:58 Gold Mining
19:46 Forging
27:18 Wheelbarrow
27:14 Town Watch
28:09 Bow Saw
28:35 Padded Archer Armor
30:32 Hand Cart
31:06 Scale Barding Armor
32:17 Thumb Ring
33:36 Gold Shaft Mining
33:20 Bloodlines
33:32 Stone Mining
35:06 Bodkin Arrow
35:47 Town Patrol
37:19 Scale Mail Armor
37:55 Iron Casting
41:27 Husbandry
42:16 Chain Barding Armor
46:11 Leather Archer Armor
46:12 Chain Mail Armor
48:42 Imperial Age
48:48 Elite Varangian Guard
48:50 Cranequins
49:33 Bracer
51:09 Plate Mail Armor
52:03 Caravan
53:58 Light Cavalry
DANSLESBOULES
11:14 Feudal Age
15:16 Castle Age
14:01 Double-Bit Axe
16:39 Bow Saw
18:25 Wheelbarrow
18:51 Horse Collar
19:31 Loom
22:57 Wheelbarrow
23:01 Heavy Plow
23:24 Hand Cart
28:16 Imperial Age
27:23 Ballistics
26:57 Fletching
27:07 Padded Archer Armor
26:56 Crossbowman
27:41 Thumb Ring
28:23 Arbalester
29:05 Bodkin Arrow
29:06 Gold Mining
30:22 Two-Man Saw
30:55 Chemistry
30:04 Bracer
33:38 Town Watch
35:30 Town Patrol
38:40 Leather Archer Armor
39:55 Ring Archer Armor
44:43 Forging
44:34 Scale Mail Armor
44:33 Arson
44:52 Squires
44:13 Pikeman
45:54 Halberdier
47:11 Iron Casting
47:17 Chain Mail Armor
50:14 Plate Mail Armor
51:22 Elite Skirmisher
54:56 Paper Money
57:33 Crop Rotation
56:57 Stone Mining
aLaNi
5:27 Loom
11:55 Feudal Age
16:58 Castle Age
15:40 Horse Collar
16:17 Bloodlines
20:14 Man-at-Arms
22:10 Long Swordsman
32:05 Gambesons
38:24 Double-Bit Axe
40:48 Wheelbarrow
45:28 Imperial Age
44:29 Scale Barding Armor
44:35 Forging
45:31 Chain Barding Armor
45:22 Heavy Plow
48:05 Hand Cart
55:54 Crop Rotation
55:48 Pikeman
a4895766000
11:54 Feudal Age
12:40 Loom
16:41 Castle Age
15:02 Double-Bit Axe
15:15 Horse Collar
30:13 Imperial Age
28:35 Wheelbarrow
28:51 Elite Skirmisher
31:17 Bow Saw
31:47 Gold Mining
32:32 Ballistics
32:05 Fletching
32:48 Heavy Plow
34:01 Hand Cart
33:43 Bodkin Arrow
34:54 Bracer
35:38 Padded Archer Armor
35:58 Husbandry
37:48 Forging
39:04 Pikeman
39:45 Squires
40:49 Halberdier
42:02 Conscription
43:15 Logistica
46:19 Gambesons
47:11 Iron Casting
46:52 Leather Archer Armor
48:43 Two-Man Saw
48:17 Crop Rotation
48:25 Elite Varangian Guard
53:39 Ring Archer Armor
59:19 Chemistry
59:21 Arson
ICAC
11:27 Feudal Age
10:49 Loom
15:15 Castle Age
13:43 Double-Bit Axe
16:43 Horse Collar
30:07 Imperial Age
27:57 Gold Mining
28:02 Stone Mining
28:13 Heavy Plow
28:25 Bow Saw
28:22 Scale Mail Armor
28:32 Forging
28:36 Andean Sling
29:22 Gold Shaft Mining
29:24 Stone Shaft Mining
29:57 Squires
29:42 Arson
30:47 Chain Mail Armor
31:07 Iron Casting
31:16 Wheelbarrow
31:12 Conscription
31:20 Town Watch
32:05 Elite Kamayuk
34:24 Fabric Shields
35:36 Elite Skirmisher
36:10 Fletching
36:20 Padded Archer Armor
36:46 Bodkin Arrow
37:11 Thumb Ring
37:54 Leather Archer Armor
38:06 Bracer
39:39 Ring Archer Armor
42:31 Ballistics
43:12 Chemistry
41:54 Treadmill Crane
42:24 Fortified Wall
42:20 Siege Engineers
42:26 Masonry
43:10 Plate Mail Armor
43:40 Blast Furnace
43:56 Coinage
43:40 Guilds
44:36 Crop Rotation
50:10 Hand Cart
49:55 Town Patrol
50:03 Murder Holes
52:13 Banking
58:56 Sappers
60:01 Hoardings
yanachoua
9:09 Loom
11:34 Feudal Age
17:34 Castle Age
21:05 Wheelbarrow
20:49 Double-Bit Axe
24:45 Bow Saw
26:23 Gold Mining
26:24 Stone Mining
32:17 Imperial Age
32:34 Gold Shaft Mining
32:37 Hand Cart
32:08 Town Watch
33:52 Conscription
33:57 Cavalier
34:38 Husbandry
34:54 Forging
34:49 Scale Barding Armor
36:14 Chivalry
35:47 Paladin
39:07 Iron Casting
40:39 Chain Barding Armor
41:20 Blast Furnace
54:16 Caravan
cmpunk9489
7:15 Loom
9:40 Feudal Age
13:39 Castle Age
12:19 Double-Bit Axe
12:15 Horse Collar
12:50 Horse Collar
14:52 Scale Mail Armor
16:21 Arson
23:26 Chain Mail Armor
24:37 Squires
25:51 Gambesons
31:20 Forging
32:43 Wheelbarrow
35:16 Gold Mining
42:12 Imperial Age
41:36 Heavy Plow
42:27 Gothikon
46:16 Iron Casting
49:38 Conscription
48:44 Elite Varangian Guard
49:23 Pikeman
52:07 Man-at-Arms
52:36 Halberdier
53:17 Long Swordsman
54:47 Hand Cart
55:52 Bow Saw
60:23 Stone Mining
61:04 Crop Rotation
61:42 Blast Furnace
61:15 Plate Mail Armor
Connection lost

Rejoining the realm…

Still unreachable

The connection could not be restored.

Session expired

The server has moved on; the page needs a fresh start.